 Dungeon Crawl Stone Soup version 0.29-a0-321-gf1c400731a (webtiles) character file.

Game seed: 2702929675720075863

5 YayAnonymity the Shield-Bearer (level 1, 0/18 HPs)
             Began as a Formicid Fighter on Apr 3, 2022.
             Succumbed to a kobold's poison
             ... on level 1 of the Dungeon.
             The game lasted 00:00:28 (274 turns).

YayAnonymity the Shield-Bearer (Formicid Fighter)    Turns: 274, Time: 00:00:28

Health: 0/18       AC:  8    Str: 20    XL:     1   Next: 88%
Magic:  1/1        EV:  9    Int:  7    God:
Gold:   38         SH:  4    Dex: 10    Spells: 0/0 levels left

rFire   . . .      SeeInvis +   a - +0 war axe
rCold   . . .      Faith    .   c - +0 buckler
rNeg    . . .      Spirit   .   b - +0 scale mail
rPois   .          Reflect  .   (helmet unavailable)
rElec   .          Harm     .   f - +0 cloak
rCorr   .          Rampage  .   (no gloves)
Will    .....                   (no boots)
Stlth   ..........              (no amulet)
HPRegen 0.06/turn               (no ring)
MPRegen 0.07/turn               (no ring)

@: mighty, lethally poisoned (0 -> -20)
A: permanent stasis, dig shafts and tunnels, antennae 3, four strong arms
a: Dig, Shaft Self


You were on level 1 of the Dungeon.
You visited 1 branch of the dungeon, and saw 1 of its levels.

You collected 38 gold pieces.

Inventory:

Hand Weapons
 a - a +0 war axe (weapon)
Armour
 b - a +0 scale mail (worn)
 c - a +0 buckler (worn)
 f - a +0 cloak (worn)
Potions
 d - a potion of might
 e - a potion of flight {unknown}
 g - a potion of attraction {unknown}


   Skills:
 - Level 3.2 Fighting
 * Level 2.2 Axes
 + Level 3.4 Armour
 + Level 3.7 Shields


You couldn't memorise any spells.
You didn't know any spells.
Your spell library contained the following spells:

 Spells                   Type           Power      Damage    Failure   Level
 Conjure Flame            Conj/Fire      0%         6-21      99%         3
 Ignite Poison            Fire/Tmut/Pois 0%         N/A       99%         3
 Sticky Flame             Conj/Fire      0%         2d3       100%        4


Dungeon Overview and Level Annotations

Branches:
Dungeon (1/15)

Altars:


Innate Abilities, Weirdness & Mutations

You cannot be hasted, slowed, berserked, paralysed or teleported.
You can dig through walls and to a lower floor.
You have a pair of large antennae on your head. (SInv)
Your four strong arms can wield two-handed weapons with a shield.


Message History

You add the spells Conjure Flame, Ignite Poison and Sticky Flame to your library.
A bat comes into view.
You block the bat's attack.
A bat is nearby!
The bat hits you but does no damage. The bat barely misses you.
You hit the bat but do no damage. The bat barely misses you. x2
You slash the bat!
You kill the bat!
No target in view!
No target in view!
You now have 25 gold pieces (gained 14).
You sense a monster nearby.
Found a stone staircase leading down.
You now have 38 gold pieces (gained 13).
d - 2 potions of might (gained 1)
A kobold comes into view. It is wielding a +0 dagger of venom.
The kobold shouts!
You see here a scroll labelled PAPADO EXIPT.
Okay, then.
Found a leather armour and a scroll labelled PEUVOC ZONAUL.
There is a stone staircase leading down here.
The kobold hits you with a +0 dagger of venom.
You are poisoned.
You miss the kobold.
You feel very sick. You block the kobold's attack.
You barely miss the kobold.
You feel sick.
The kobold hits you with a +0 dagger of venom.
The kobold hits you but does no damage.
You are lethally poisoned!
You are too injured to fight recklessly!
You are too injured to fight recklessly!
You are too injured to fight recklessly!
You feel very mighty all of a sudden.
You feel very sick. The kobold hits you but does no damage.
You are more poisoned.
You slash the kobold!
You kill the kobold!
You die...

#..........# #.....[?...#
#........... { #......=...#
#..........# #...........
####....)....###########
#######......@...####.....)...
........##..>...##...####'####
####...........##.#### #...# #
#.##...?....#.## #...#
#....########.# ###'### #
#..### #.## ##.....##
##..##...### ###.# #.......#
#......#...# #...# +...<...+
...#.######.# #.#)# #.......#


There were no monsters in sight!

Vanquished Creatures
  A bat (D:1)
  2 kobolds (D:1)
  A quokka (D:1)
  2 frilled lizards (D:1)
6 creatures vanquished.

Notes
Turn   | Place    | Note
-------+----------+-------------------------------------------
     0 | D:1      | YayAnonymity the Formicid Fighter began the quest for the
                  | Orb.
     0 | D:1      | Reached XP level 1. HP: 18/18 MP: 1/1
   274 | D:1      | Succumbed to a kobold's poison

Illustrated notes

Levels and vault maps discovered:
D:1:      dpeg_arrival_another_circle, layout_rooms,
          ebering_ecumenical_altar_hall

Action                   || total
-------------------------++-------
Melee: War axe           ||    13
  Use: Potion            ||     1
Armor: Scale mail        ||     4
Dodge: Dodged            ||     6
Block: Buckler           ||     4

Table legend: (Time is in decaauts)
 A = Elapsed time spent in this place.
 B = Non-inter-level travel time spent in this place.
 C = Inter-level travel time spent in this place.
 D = Time resting spent in this place.
 E = Time spent auto-exploring this place.
 F = Levels seen in this place.
 G = Mean time per level.
                   A        B        C        D        E       F      G
               +--------+--------+--------+--------+--------+-----+--------+
         Total |    279 |    279 |      0 |      0 |    228 |   1 |  279.0 |
       Dungeon |    279 |    279 |      0 |      0 |    228 |   1 |  279.0 |
               +--------+--------+--------+--------+--------+-----+--------+

Top non-repeatable levels by time:
     D:1: 279 daAuts
